 Dungeon Crawl Stone Soup version 0.28-a0-932-g843f935a50 (webtiles) character file.

Game seed: 17258321436357403900

7 Sobieck the Caller (level 1, 0/7 HPs)
             Began as a Felid Summoner on Nov 27, 2021.
             Slain by Natasha (7 damage)
             ... on level 2 of the Dungeon.
             The game lasted 00:00:59 (166 turns).

Sobieck the Caller (Felid Summoner)                  Turns: 166, Time: 00:01:00

Health: 0/7        AC:  1    Str:  4    XL:     1   Next: 91%
Magic:  2/4        EV: 17    Int: 16    God:
Gold:   0          SH:  0    Dex: 16    Spells: 3/4 levels left
                                        Lives:  0   Deaths: 0

rFire   . . .      SeeInvis +   (weapon unavailable)
rCold   . . .      Faith    .   (shield unavailable)
rNeg    . . .      Spirit   .   (armour unavailable)
rPois   .          Reflect  .   (helmet unavailable)
rElec   .          Harm     .   (cloak unavailable)
rCorr   .          Rampage  .   (gloves unavailable)
Will    .....                   (boots unavailable)
Stlth   ++........              (no amulet)
HPRegen 0.02/turn               (no ring)
MPRegen 0.09/turn               (no ring)

@: quick
A: very small, claws 1, fangs 3, see invisible, speed 1, shaggy fur 1, stealthy
paws, no weapons or thrown items, no armour, multi-lived
a: no special abilities


You were on level 2 of the Dungeon.
You visited 1 branch of the dungeon, and saw 2 of its levels.


Innate Abilities, Weirdness & Mutations

You have sharp claws.
You have razor-sharp teeth.
You have supernaturally acute eyesight. (SInv)
You cover ground quickly. (Speed+)
You are covered in fur. (AC +1)
Your paws help you pounce on unaware monsters.
You are incapable of wielding weapons or throwing items.
You cannot wear armour.
You gain extra lives every three experience levels.


   Skills:
 - Level 2.6 Dodging
 - Level 2.6 Stealth
 + Level 2.3 Spellcasting
 + Level 4.2 Summonings


You had 3 spell levels left.
You knew the following spells:

 Your Spells              Type           Power      Damage    Failure   Level
a - Summon Small Mammal   Summ           60%        N/A       3%          1

Your spell library contained the following spells:

 Spells                   Type           Power      Damage    Failure   Level
 Call Imp                 Summ           15%        N/A       5%          2
 Call Canine Familiar     Summ           15%        N/A       11%         3
 Summon Guardian Golem    Hex/Summ       8%         N/A       26%         3
 Summon Lightning Spire   Summ/Air       8%         N/A       63%         4

You aren't carrying anything.

Dungeon Overview and Level Annotations

Branches:
Dungeon (1/15)

Altars:

Annotations:
D:2 Natasha

# #.##
..##..........#
#..
.#.###########.#
# #..
..#.#####.......#
..#
.........#######
##
.#.#####.########
................
#######.########
#......# #.r@...#
#..h§..#
#..§.......
#..5§..###.
#......# #......#
#.......
#......##


You could see Natasha (ally target), a white imp (summoned) and a friendly
quokka (summoned).


Message History

Aim: a ball python Attack!
Your rat barely misses the ball python.
The ball python closely misses your rat.
The ball python barely misses your rat.
Your quokka bites the ball python.
Your rat bites the ball python.
The ball python dies!
You see here a rat corpse.
You start resting.
Your rat disappears in a puff of smoke!
An adder comes into view.
Danger!
You swap places.
Your quokka disappears in a puff of smoke!
An endoplasm comes into view.
Danger!
Casting: Summon Small Mammal (safe; 3% risk of failure)
Confirm with . or Enter, or press ? or * to list all spells.
The endoplasm quivers.
Casting: Summon Small Mammal (safe; 3% risk of failure)
Confirm with . or Enter, or press ? or * to list all spells.
What are your orders? t - Meow!
Orders for allies: a - Attack new target. r - Retreat! s - Stop attacking. g - Guard the area. f - Follow me.
Anything else - Cancel.
Gang up on whom?
Press: ? - help, Dir - move target, f - endoplasm
Aim: an endoplasm (ally target) Attack!
You swap places.
You swap places.
The endoplasm misses your quokka.
Your quokka bites the endoplasm.
The endoplasm dies!
Your bat disappears in a puff of smoke!
You swap places.
Your quokka disappears in a puff of smoke!
A hobgoblin comes into view.
The hobgoblin shouts!
You hear an angry hiss.
Danger!
Casting: Summon Small Mammal (safe; 3% risk of failure)
Confirm with . or Enter, or press ? or * to list all spells.
You don't know that spell.
What are your orders? t - Meow!
Orders for allies: a - Attack new target. r - Retreat! s - Stop attacking. g - Guard the area. f - Follow me.
Anything else - Cancel.
Gang up on whom?
Press: ? - help, Dir - move target, f - hobgoblin
Aim: a hobgoblin (ally target) Attack!
Your bat hits the hobgoblin.
Your bat hits the hobgoblin but does no damage.
Your bat barely misses the hobgoblin.
Your bat hits the hobgoblin but does no damage.
Natasha, Servant of Life and Death comes into view.
Your quokka bites the hobgoblin but does no damage.
Your bat barely misses the hobgoblin.
Your quokka bites the hobgoblin.
Natasha casts a spell.
The hobgoblin barely misses your quokka.
Your bat closely misses the hobgoblin.
Your quokka bites the hobgoblin.
The hobgoblin dies!
What are your orders? t - Meow!
Orders for allies: a - Attack new target. r - Retreat! s - Stop attacking. g - Guard the area. f - Follow me.
Anything else - Cancel.
Gang up on whom?
Press: ? - help, Dir - move target, f - Natasha
Aim: Natasha Attack!
Your quokka closely misses Natasha.
Your bat hits the white imp.
Your quokka bites Natasha but does no damage.
The white imp barely misses your quokka.
Your bat hits the white imp but does no damage.
Natasha wildly gestures.
Natasha glows brightly for a moment.
Your bat barely misses Natasha.
Your quokka closely misses Natasha.
The white imp gestures at you. The puff of frost hits your quokka.
Your quokka dies!
Your quokka's corpse disappears in a puff of smoke!
Casting: Summon Small Mammal (safe; 3% risk of failure)
Confirm with . or Enter, or press ? or * to list all spells.
Your bat barely misses Natasha.
Natasha barely misses you.
Unknown command.
You barely miss Natasha. Your bite misses Natasha.
Your bat closely misses Natasha.
Your bat closely misses the white imp.
Natasha misses you. The white imp hits your bat.
The white imp freezes your bat.
Your bat dies!
Your bat's corpse disappears in a puff of smoke!
Your quokka barely misses Natasha.
Unknown command.
You scratch Natasha but do no damage. Your quokka misses Natasha.
Natasha claws you!
Ouch! That really hurt!
You die...

Action                   || total
-------------------------++-------
Melee: Unarmed           ||     4
 Cast: Summon Small Mamm ||    10
Dodge: Dodged            ||     5

Levels and vault maps discovered:
D:1:      dpeg_arrival_pits, layout_loops_ring
D:2:      layout_basic, shapermc_ecumenical_altar_notcrosses,
          grunt_decor_resistance, minmay_cut_off, uniq_robin, uniq_natasha

Notes
Turn   | Place    | Note
-------+----------+-------------------------------------------
     0 | D:1      | Sobieck the Felid Summoner began the quest for the Orb.
     0 | D:1      | Reached XP level 1. HP: 7/7 MP: 4/4
    11 | D:1      | You fall into a shaft and drop 1 floor!
   158 | D:2      | Noticed Natasha
   166 | D:2      | Slain by Natasha

Vanquished Creatures
  A goblin (D:2)
1 creature vanquished.

Vanquished Creatures (collateral kills)
  A ball python (D:2)
  An endoplasm (D:2)
  A hobgoblin (D:2)
  A frilled lizard (D:2)
  2 rats (D:2)
6 creatures vanquished.

Grand Total: 7 creatures vanquished

Table legend:
 A = Non-vault XP
 B = Vault XP
 C = Vault XP percentage of total XP
 D = Non-vault monster count
 E = Vault monster count
 F = Vault count percentage of total count
                 A         B        C        D         E       F
            +---------+---------+-------+---------+---------+-------
      Total |       7 |       4 |  36.4 |       4 |       3 |  42.9
            +---------+---------+-------+---------+---------+-------
        D:2 |       7 |       4 |  36.4 |       4 |       3 |  42.9
            +---------+---------+-------+---------+---------+-------

Illustrated notes

Table legend:
 A = Kills in this place as a percentage of kills in entire the game.
 B = Kills by you in this place as a percentage of kills by you in the entire game.
 C = Kills by friends in this place as a percentage of kills by friends in the entire game.
 D = Other kills in this place as a percentage of other kills in the entire game.
 E = Experience gained in this place as a percentage of experience gained in the entire game.
 F = Experience gained in this place divided by the number of levels of this place that you have seen.
                   A       B       C       D       E      F
               +-------+-------+-------+-------+-------+----------------------
         Total | 100.0 | 100.0 | 100.0 |   N/A | 100.0 |   5.5
       Dungeon | 100.0 | 100.0 | 100.0 |   N/A | 100.0 |   5.5
               +-------+-------+-------+-------+-------+----------------------

Table legend: (Time is in decaauts)
 A = Elapsed time spent in this place.
 B = Non-inter-level travel time spent in this place.
 C = Inter-level travel time spent in this place.
 D = Time resting spent in this place.
 E = Time spent auto-exploring this place.
 F = Levels seen in this place.
 G = Mean time per level.
                   A        B        C        D        E       F      G
               +--------+--------+--------+--------+--------+-----+--------+
         Total |    148 |    148 |      0 |     35 |     43 |   2 |   74.0 |
       Dungeon |    148 |    148 |      0 |     35 |     43 |   2 |   74.0 |
               +--------+--------+--------+--------+--------+-----+--------+

Top non-repeatable levels by time:
     D:2: 139 daAuts
     D:1: 9 daAuts
